| TOP OF THE 1ST |
|
Mahoning Valley Scrappers batting - Pitching for Tri-City ValleyCats : RHP Jaquan Alston
|
|
Pitching: RHP Jaquan Alston
|
|
|
Batting: RHB Kenzo Shinoda
|
0-0: Ball 1-0: Ball 2-0: Ball 3-0: Called Strike 3-1: Fly out, F8 (Flyball, 8RS, EV 83.1 MPH)
|
|
Batting: RHB John Bianconi
|
0-0: Called Strike 0-1: DOUBLE (Flyball, 8LD, EV 93.8 MPH)
|
|
Batting: LHB Shane Montalvo
|
0-0: Foul Ball, location: 2F 0-1: Foul Ball, location: 2F 0-2: Ball 1-2: Ground out 4-3 (Groundball, 4, EV 80.0 MPH) John Bianconi to third
|
|
Batting: LHB Jeff Palmowski
|
0-0: Ball 1-0: Ball 2-0: Ball 3-0: Base on Balls
|
|
Batting: RHB Andy Lewis
|
0-0: Ball 1-0: Fielders Choice at 2nd, 6-4 (Groundball, 56, EV 85.0 MPH)
|
| Top of the 1st over - 0 runs, 1 hit, 0 errors, 2 left on base; Mahoning Valley 0 - Tri-City 0 |
| BOTTOM OF THE 1ST |
|
Tri-City ValleyCats batting - Pitching for Mahoning Valley Scrappers : LHP Alec Valencia
|
|
Pitching: LHP Alec Valencia
|
|
|
Batting: RHB Andrew Pride
|
0-0: Ball 1-0: Ground out 5-3 (Groundball, 56, EV 81.9 MPH)
|
|
Batting: LHB Lou Toth
|
0-0: Ball 1-0: Ball 2-0: Foul Ball, location: 2F 2-1: Foul Ball, location: 2F 2-2: SOLO HOME RUN (Flyball, 7D, EV 95.6 MPH), Distance : 371 ft
|
|
Batting: RHB Chris McGrath
|
0-0: Swinging Strike 0-1: Called Strike 0-2: Ball 1-2: Foul Ball, location: 2F 1-2: Ball 2-2: Ground out 5-3 (Groundball, 56, EV 105.0 MPH)
|
|
Batting: SHB Chris Keziah
|
0-0: Ball 1-0: DOUBLE (Flyball, 78XD, EV 100.0 MPH)
|
|
Batting: RHB Drew Coleman
|
0-0: Called Strike 0-1: SINGLE (Line Drive, 56, EV 97.5 MPH) Chris Keziah to third Runner from 3rd tries for Home, throw by LF and OUT! 7-2
|
| Bottom of the 1st over - 1 run, 3 hits, 0 errors, 1 left on base; Mahoning Valley 0 - Tri-City 1 |
| TOP OF THE 2ND |
|
Mahoning Valley Scrappers batting - Pitching for Tri-City ValleyCats : RHP Jaquan Alston
|
|
Batting: RHB Ricky Cordova
|
0-0: Ball 1-0: Foul Ball, location: 2F 1-1: Ball 2-1: DOUBLE (Line Drive, 9LM, EV 101.2 MPH)
|
|
Batting: LHB Esteban Cordova
|
0-0: Called Strike 0-1: Ball 1-1: Ball 2-1: Foul Ball, location: 2F 2-2: Ball 3-2: Strikes out swinging
|
|
Batting: RHB Anibal Casteles
|
0-0: Ball 1-0: Foul Ball, location: 2F 1-1: Called Strike 1-2: Ball 2-2: Strikes out looking
|
|
Batting: RHB Luis Roman
|
0-0: Foul Ball, location: 2F 0-1: SINGLE (Flyball, 9LM, EV 90.6 MPH) Ricky Cordova to third Runner from 3rd tries for Home, SAFE, throw by RF to home
|
|
Batting: RHB Kenzo Shinoda
|
0-0: Ball 1-0: Fly out, F6 (Popup, 6M, EV 61.9 MPH)
|
| Top of the 2nd over - 1 run, 2 hits, 0 errors, 1 left on base; Mahoning Valley 1 - Tri-City 1 |
| BOTTOM OF THE 2ND |
|
Tri-City ValleyCats batting - Pitching for Mahoning Valley Scrappers : LHP Alec Valencia
|
|
Batting: LHB Jackson Trottier
|
0-0: DOUBLE (Line Drive, 89D, EV 108.1 MPH)
|
|
Batting: RHB Ruben Pujols
|
0-0: SINGLE (Line Drive, 34D, EV 96.9 MPH) Jackson Trottier to third Runner from 3rd tries for Home, SAFE, throw by RF to home Ruben Pujols to second
|
|
Batting: RHB To-wai Chen
|
0-0: Called Strike 0-1: Foul Ball, location: 2F 0-2: Ball 1-2: Foul Ball, location: 2F 1-2: Strikes out swinging
|
|
Batting: RHB Guo-ning Chen
|
0-0: Called Strike 0-1: Called Strike 0-2: Foul Ball, location: 2F 0-2: Ball 1-2: Strikes out swinging
|
|
Batting: RHB Andrew Pride
|
0-0: Ball 1-0: Called Strike 1-1: Foul Ball, location: 2F 1-2: Foul Ball, location: 2F 1-2: Fly out, F9 (Flyball, 9S, EV 86.9 MPH)
|
| Bottom of the 2nd over - 1 run, 2 hits, 0 errors, 1 left on base; Mahoning Valley 1 - Tri-City 2 |
| TOP OF THE 3RD |
|
Mahoning Valley Scrappers batting - Pitching for Tri-City ValleyCats : RHP Jaquan Alston
|
|
Batting: RHB John Bianconi
|
0-0: Ball 1-0: Ground out 4-3 (Groundball, 4, EV 78.1 MPH)
|
|
Batting: LHB Shane Montalvo
|
0-0: Called Strike 0-1: Ball 1-1: SINGLE (Line Drive, 34D, EV 98.1 MPH)
|
|
Batting: LHB Jeff Palmowski
|
0-0: SINGLE (Groundball, 6S, EV 95.0 MPH) Shane Montalvo to second
|
|
Batting: RHB Andy Lewis
|
0-0: Ball 1-0: Foul Ball, location: 2F 1-1: Called Strike 1-2: Ball 2-2: Fly out, F8 (Flyball, 89M, EV 85.6 MPH)
|
|
Batting: RHB Ricky Cordova
|
0-0: DOUBLE (Line Drive, 9LS, EV 91.2 MPH) Shane Montalvo scores Jeff Palmowski to third
|
|
Batting: LHB Esteban Cordova
|
0-0: Called Strike 0-1: Ground out U3 (Groundball, 3, EV 81.9 MPH)
|
| Top of the 3rd over - 1 run, 3 hits, 0 errors, 2 left on base; Mahoning Valley 2 - Tri-City 2 |
| BOTTOM OF THE 3RD |
|
Tri-City ValleyCats batting - Pitching for Mahoning Valley Scrappers : LHP Alec Valencia
|
|
Batting: LHB Lou Toth
|
0-0: Hit by Pitch
|
|
Batting: RHB Chris McGrath
|
0-0: Ball 1-0: Fielders Choice at 2nd, 6-4 (Groundball, 6, EV 100.0 MPH)
|
|
Batting: SHB Chris Keziah
|
0-0: Ball Chris McGrath steals 2nd base (no throw) 1-0: Called Strike 1-1: Fly out, F3 (Popup, 3F, EV 83.1 MPH)
|
|
Batting: RHB Drew Coleman
|
0-0: Ball 1-0: 2-RUN HOME RUN (Flyball, 7LD, EV 91.9 MPH), Distance : 359 ft
|
|
Batting: LHB Jackson Trottier
|
0-0: Ball 1-0: Swinging Strike 1-1: SINGLE (Line Drive, 6D, EV 98.1 MPH)
|
|
Batting: RHB Ruben Pujols
|
0-0: Called Strike 0-1: Foul Ball, location: 2F 0-2: Ball 1-2: Foul Ball, location: 2F 1-2: Ball 2-2: Ground out 4-3 (Groundball, 34, EV 78.1 MPH)
|
| Bottom of the 3rd over - 2 runs, 2 hits, 0 errors, 1 left on base; Mahoning Valley 2 - Tri-City 4 |
| TOP OF THE 4TH |
|
Mahoning Valley Scrappers batting - Pitching for Tri-City ValleyCats : RHP Jaquan Alston
|
|
Batting: RHB Anibal Casteles
|
0-0: Ball 1-0: Ball 2-0: Ball 3-0: Called Strike 3-1: TRIPLE (Line Drive, 78XD, EV 102.5 MPH)
|
|
Batting: RHB Luis Roman
|
0-0: Called Strike 0-1: Ball 1-1: Foul Ball, location: 2F 1-2: Ground out 6-3 (Groundball, 56, EV 103.8 MPH) Anibal Casteles scores
|
|
Batting: RHB Kenzo Shinoda
|
0-0: Ball 1-0: Ball 2-0: Fly out, F7 (Flyball, 78S, EV 90.6 MPH)
|
|
Batting: RHB John Bianconi
|
0-0: Ground out 6-3 (Groundball, 6, EV 86.9 MPH)
|
| Top of the 4th over - 1 run, 1 hit, 0 errors, 0 left on base; Mahoning Valley 3 - Tri-City 4 |
| BOTTOM OF THE 4TH |
|
Tri-City ValleyCats batting - Pitching for Mahoning Valley Scrappers : LHP Alec Valencia
|
|
Batting: RHB To-wai Chen
|
0-0: Ground out 5-3 (Groundball, 56, EV 83.8 MPH)
|
|
Batting: RHB Guo-ning Chen
|
0-0: Called Strike 0-1: Foul Ball, location: 2F 0-2: Ball 1-2: Strikes out swinging
|
|
Batting: RHB Andrew Pride
|
0-0: Ground out 5-3 (Groundball, 56, EV 100.6 MPH)
|
| Bottom of the 4th over - 0 runs, 0 hits, 0 errors, 0 left on base; Mahoning Valley 3 - Tri-City 4 |
| TOP OF THE 5TH |
|
Mahoning Valley Scrappers batting - Pitching for Tri-City ValleyCats : RHP Jaquan Alston
|
|
Batting: LHB Shane Montalvo
|
0-0: Foul Ball, location: 2F 0-1: Swinging Strike 0-2: Ball 1-2: Ball 2-2: Strikes out swinging
|
|
Batting: LHB Jeff Palmowski
|
0-0: Ball 1-0: Ball 2-0: Ball 3-0: Base on Balls
|
|
Batting: RHB Andy Lewis
|
0-0: Ball 1-0: Called Strike 1-1: Called Strike 1-2: Fielders Choice at 2nd, 3-6 (Groundball, 23, EV 85.0 MPH)
|
|
Batting: RHB Ricky Cordova
|
0-0: Fielders Choice at 2nd, 6-4 (Groundball, 6, EV 92.5 MPH)
|
| Top of the 5th over - 0 runs, 0 hits, 0 errors, 1 left on base; Mahoning Valley 3 - Tri-City 4 |
| BOTTOM OF THE 5TH |
|
Tri-City ValleyCats batting - Pitching for Mahoning Valley Scrappers : LHP Alec Valencia
|
|
Batting: LHB Lou Toth
|
0-0: Ball 1-0: Ball 2-0: Swinging Strike 2-1: Ball 3-1: Foul Ball, location: 2F 3-2: Fly out, F5 (Popup, 5D, EV 58.8 MPH)
|
|
Batting: RHB Chris McGrath
|
0-0: Ball 1-0: Called Strike 1-1: Ball 2-1: SINGLE (Groundball, 6MD, EV 101.2 MPH)
|
|
Batting: SHB Chris Keziah
|
0-0: Called Strike Chris McGrath is caught stealing 2nd base 2-4 0-1: Ball 1-1: SOLO HOME RUN (Flyball, 78XD, EV 97.5 MPH), Distance : 391 ft
|
|
Pitching: RHP Bill Snyder
|
|
|
Batting: RHB Drew Coleman
|
0-0: Called Strike 0-1: Ball 1-1: Ball 2-1: Ball 3-1: Called Strike 3-2: Foul Ball, location: 2F 3-2: Strikes out looking
|
| Bottom of the 5th over - 1 run, 2 hits, 0 errors, 0 left on base; Mahoning Valley 3 - Tri-City 5 |
| TOP OF THE 6TH |
|
Mahoning Valley Scrappers batting - Pitching for Tri-City ValleyCats : RHP Jaquan Alston
|
|
Batting: LHB Esteban Cordova
|
0-0: Called Strike 0-1: Ball 1-1: Ground out 5-3 (Groundball, 5, EV 86.2 MPH)
|
|
Batting: RHB Anibal Casteles
|
0-0: Called Strike 0-1: Swinging Strike 0-2: SINGLE (Groundball, 6MD, EV 102.5 MPH)
|
|
Batting: RHB Luis Roman
|
0-0: Ball 1-0: Ball 2-0: Called Strike 2-1: Ball 3-1: Called Strike 3-2: Ground out 1-3 (Groundball, 13S, EV 66.2 MPH) Anibal Casteles to second
|
|
Batting: RHB Kenzo Shinoda
|
0-0: Ball 1-0: Called Strike 1-1: SINGLE (Groundball, 4D, EV 98.1 MPH) Anibal Casteles to third Runner from 3rd tries for Home, SAFE, throw by RF to home
|
|
Pitching: RHP Arsène Serre
|
|
|
Batting: RHB John Bianconi
|
0-0: Ball 1-0: Ball Kenzo Shinoda steals 2nd, throwing error, E2 Kenzo Shinoda to third 2-0: Called Strike 2-1: Ground out 6-3 (Groundball, 6, EV 84.4 MPH)
|
| Top of the 6th over - 1 run, 2 hits, 1 error, 1 left on base; Mahoning Valley 4 - Tri-City 5 |
| BOTTOM OF THE 6TH |
|
Tri-City ValleyCats batting - Pitching for Mahoning Valley Scrappers : RHP Bill Snyder
|
|
Batting: LHB Jackson Trottier
|
0-0: Called Strike 0-1: Foul Ball, location: 2F 0-2: Ball 1-2: Ball 2-2: Strikes out looking
|
|
Batting: RHB Ruben Pujols
|
0-0: Called Strike 0-1: Ball 1-1: Ball 2-1: Called Strike 2-2: Foul Ball, location: 2F 2-2: Strikes out swinging
|
|
Batting: RHB To-wai Chen
|
0-0: Ground out 3-1 (Groundball, 34, EV 108.1 MPH)
|
| Bottom of the 6th over - 0 runs, 0 hits, 0 errors, 0 left on base; Mahoning Valley 4 - Tri-City 5 |
| TOP OF THE 7TH |
|
Mahoning Valley Scrappers batting - Pitching for Tri-City ValleyCats : RHP Arsène Serre
|
|
Batting: LHB Shane Montalvo
|
0-0: Ball 1-0: Called Strike 1-1: Swinging Strike 1-2: Strikes out swinging
|
|
Batting: LHB Jeff Palmowski
|
0-0: Ball 1-0: Called Strike 1-1: Ball 2-1: Swinging Strike 2-2: Ball 3-2: Strikes out swinging
|
|
Pinch Hitting: LHB John Holst
|
0-0: Called Strike 0-1: Ball 1-1: Foul Ball, location: 2F 1-2: Ball 2-2: Ground out 4-3 (Groundball, 4, EV 88.1 MPH)
|
| Top of the 7th over - 0 runs, 0 hits, 0 errors, 0 left on base; Mahoning Valley 4 - Tri-City 5 |
| BOTTOM OF THE 7TH |
|
Tri-City ValleyCats batting - Pitching for Mahoning Valley Scrappers : RHP Bill Snyder
|
|
Pitching: RHP Ian Nordquist
|
|
|
Now at 2B: Ighlas Mwara
|
|
|
Batting: RHB Guo-ning Chen
|
0-0: Swinging Strike 0-1: Swinging Strike 0-2: Strikes out looking
|
|
Batting: RHB Andrew Pride
|
0-0: Ball 1-0: Called Strike 1-1: Ball 2-1: Ball 3-1: Called Strike 3-2: Strikes out looking
|
|
Batting: LHB Lou Toth
|
0-0: Ball 1-0: Foul Ball, location: 2F 1-1: Called Strike 1-2: Foul Ball, location: 2F 1-2: Foul Ball, location: 2F 1-2: DOUBLE (Flyball, 78D, EV 97.5 MPH)
|
|
Batting: RHB Chris McGrath
|
0-0: Ball 1-0: Ball 2-0: Called Strike 2-1: Foul Ball, location: 2F 2-2: Ball 3-2: Base on Balls
|
|
Batting: SHB Chris Keziah
|
0-0: Foul Ball, location: 2F 0-1: Ball 1-1: Ball 2-1: Foul Ball, location: 2F 2-2: Strikes out swinging
|
| Bottom of the 7th over - 0 runs, 1 hit, 0 errors, 2 left on base; Mahoning Valley 4 - Tri-City 5 |
| TOP OF THE 8TH |
|
Mahoning Valley Scrappers batting - Pitching for Tri-City ValleyCats : RHP Arsène Serre
|
|
Pitching: LHP Ruben Rojas
|
|
|
Batting: RHB Ricky Cordova
|
0-0: Ball 1-0: Called Strike 1-1: Ball 2-1: Ball 3-1: Base on Balls
|
|
Batting: RHB Rico Coss
|
0-0: Bunt missed! 0-1: Bunted foul 0-2: Ball 1-2: Foul Ball, location: 2F 1-2: Fly out, F9 (Flyball, 9, EV 96.9 MPH)
|
|
Batting: RHB Anibal Casteles
|
0-0: Ball 1-0: Ball 2-0: Bunted foul 2-1: Sac Bunt to 13S - play at first, batter OUT! 1-3 Ricky Cordova to second
|
|
Batting: RHB Luis Roman
|
0-0: Called Strike 0-1: Foul Ball, location: 2F 0-2: Ball 1-2: Strikes out swinging
|
| Top of the 8th over - 0 runs, 0 hits, 0 errors, 1 left on base; Mahoning Valley 4 - Tri-City 5 |
| BOTTOM OF THE 8TH |
|
Tri-City ValleyCats batting - Pitching for Mahoning Valley Scrappers : RHP Ian Nordquist
|
|
Pitching: RHP Chris Cohen
|
|
|
Batting: RHB Drew Coleman
|
0-0: Called Strike 0-1: Ball 1-1: Ball 2-1: Called Strike 2-2: Ball 3-2: Base on Balls
|
|
Batting: LHB Jackson Trottier
|
0-0: Called Strike Drew Coleman steals 2nd base 0-1: Swinging Strike 0-2: Strikes out swinging
|
|
Batting: RHB Ruben Pujols
|
0-0: Ball 1-0: Foul Ball, location: 2F 1-1: Swinging Strike 1-2: SINGLE (Flyball, 89S, EV 85.6 MPH) Drew Coleman to third Runner from 3rd tries for Home, SAFE, throw by RF to home
|
|
Batting: RHB To-wai Chen
|
0-0: Ball 1-0: Fly out, F8 (Flyball, 8LD, EV 101.2 MPH)
|
|
Batting: RHB Guo-ning Chen
|
0-0: Ball 1-0: Ball 2-0: Called Strike 2-1: TRIPLE (Flyball, 89XD, EV 86.9 MPH) Ruben Pujols scores
|
|
Batting: RHB Andrew Pride
|
0-0: Ball 1-0: Foul Ball, location: 2F 1-1: Swinging Strike 1-2: Strikes out swinging
|
| Bottom of the 8th over - 2 runs, 2 hits, 0 errors, 1 left on base; Mahoning Valley 4 - Tri-City 7 |
| TOP OF THE 9TH |
|
Mahoning Valley Scrappers batting - Pitching for Tri-City ValleyCats : LHP Ruben Rojas
|
|
Pitching: RHP Calisto Morda
|
|
|
Batting: RHB Kenzo Shinoda
|
0-0: Foul Ball, location: 2F 0-1: Ball 1-1: SINGLE (Flyball, 8LS, EV 85.6 MPH)
|
|
Batting: RHB John Bianconi
|
0-0: Called Strike 0-1: Ball 1-1: Swinging Strike 1-2: Ball 2-2: Ball 3-2: Foul Ball, location: 2F 3-2: DOUBLE (Line Drive, 7LM, EV 97.5 MPH) Kenzo Shinoda to third Kenzo Shinoda scores
|
|
Batting: LHB Shane Montalvo
|
0-0: Fly out, F4 (Line Drive, 4, EV 65.6 MPH)
|
|
Batting: LHB Jeff Palmowski
|
0-0: Called Strike 0-1: Ball 1-1: Called Strike 1-2: Ball 2-2: Strikes out swinging
|
|
Pinch Hitting: LHB Chris Morgan
|
0-0: Ball Balk! John Bianconi to third 1-0: Called Strike 1-1: Foul Ball, location: 2F 1-2: Ball 2-2: Ball 3-2: Base on Balls
|
|
Batting: RHB Ricky Cordova
|
0-0: Ball 1-0: Foul Ball, location: 2F 1-1: Foul Ball, location: 2F 1-2: Ball 2-2: Fly out, F7 (Flyball, 7, EV 76.9 MPH)
|
| Top of the 9th over - 1 run, 2 hits, 0 errors, 2 left on base; Mahoning Valley 5 - Tri-City 7 |
|